 Dungeon Crawl Stone Soup version 0.20.0-6-gd3061e9 (webtiles) character file.

540994 MDvedh the Slayer (level 25, -5/178 HPs)
             Began as a Tengu Berserker on May 28, 2017.
             Was an Elder of Trog.
             Killed by drain life
             ... invoked by a deathcap
             ... summoned by a curse toe
              (6 damage)
             ... on level 5 of the Realm of Zot.
             The game lasted 02:06:30 (54877 turns).

MDvedh the Slayer (Tengu Berserker)                Turns: 54877, Time: 02:06:31

Health: -5/178     AC: 42    Str: 28    XL:     25   Next: 98%
Magic:  27/27      EV: 24    Int: 18    God:    Trog [****..]
Gold:   1630       SH: 17    Dex: 30    Spells: 24/24 levels left

rFire    + + .     SeeInvis .   T - +9 double sword (freeze)
rCold    + . .     Gourm    .   a - +1 shield {reflect}
rNeg     + . .     Faith    .   g - +8 gold dragon scales
rPois    +         Spirit   .   k - +2 hat
rElec    +         Reflect  +   m - +2 cloak
rCorr    .         Harm     .   X - +0 pair of gloves of Henotheism {Dex+2 Slay+3}
MR       +++..                  (boots unavailable)
Stlth    ..........             B - macabre finger necklace {rN+}
Regen    1.4/turn               G - ring "Aseko" {*Drain +Blink rPois AC+2 Int+5}
MPRegen  0.2/turn               K - ring "Giprit" {*Contam rElec Str+2 Dex+4}
                                c - ring "Xifiox" {rF+ Dex+3}

@: mighty, about to teleport, marked, regenerating, hasted, very quick
A: antennae 1, beak, talons 3, icy blue scales 1, clever 2, low mp 1, able to
fly 2
}: 3/15 runes: barnacled, slimy, gossamer
a: Fly, Berserk, Trog's Hand, Brothers in Arms, Burn Spellbooks, Renounce
Religion, Evoke Blink


You were on level 5 of the Realm of Zot.
You worshipped Trog.
Trog was greatly pleased with you.
You were not hungry.

You visited 10 branches of the dungeon, and saw 53 of its levels.
You visited 1 bazaar.
You also visited: Labyrinth, Ossuary and Ice Cave.

You collected 7018 gold pieces.
You spent 5388 gold pieces at shops.

Inventory:

Hand Weapons
 R - a +0 demon blade of flaming
 T - a +9 double sword of freezing (weapon)
Armour
 a - a +1 shield of reflection (worn)
 g - +8 gold dragon scales (worn)
 k - a +2 hat (worn)
 m - a +2 cloak (worn)
 u - the +5 chain mail of Awe {rF+ rC+ Int+4}
   (You found it on level 5 of the Lair of Beasts)

   It affects your intelligence (+4).
   It protects you from fire.
   It protects you from cold.
 A - a +1 cloak of magic resistance
 X - the +0 pair of gloves of Henotheism (worn) {Dex+2 Slay+3}
   (You bought it in a shop on level 1 of the Vaults)

   It affects your dexterity (+2).
   It affects your accuracy and damage with ranged weapons and melee attacks
   (+3).
Jewellery
 c - the ring "Xifiox" (on amulet) {rF+ Dex+3}
   (You found it on level 5 of the Depths)

   [ring of dexterity]

   It affects your dexterity (+3).
   It protects you from fire.
 B - the macabre finger necklace (around neck) {rN+}
   (You bought it in a shop on level 3 of the Depths)

   [amulet of nothing]

   It protects you from negative energy.
 G - the ring "Aseko" (left hand) {*Drain +Blink rPois AC+2 Int+5}
   (You bought it in a shop on level 2 of the Orcish Mines)

   [ring of protection]

   It affects your AC (+2).
   It affects your intelligence (+5).
   It protects you from poison.
   It lets you blink.
   It causes draining when unequipped.
 J - an uncursed ring of see invisible
 K - the ring "Giprit" (right hand) {*Contam rElec Str+2 Dex+4}
   (You took it off a minotaur in a labyrinth)

   [ring of dexterity]

   It affects your strength (+2).
   It affects your dexterity (+4).
   It insulates you from electricity.
   It causes magical contamination when unequipped.
 O - an uncursed amulet of regeneration
Wands
 h - a wand of digging (9/24)
 l - a wand of digging (9/24)
 y - a wand of disintegration (9/24)
 V - a wand of confusion (20/48)
Scrolls
 b - 11 scrolls of fear
 f - 2 scrolls of brand weapon
 j - 21 scrolls of remove curse
 o - 7 scrolls of teleportation
 p - 17 scrolls of identify
 v - 2 scrolls of fog
 x - 2 scrolls of enchant weapon
 F - 8 scrolls of recharging
 M - 2 scrolls of blinking
Potions
 d - 4 potions of magic
 e - 8 potions of resistance
 i - 25 potions of curing
 q - 3 potions of berserk rage
 s - 6 potions of cancellation
 w - 7 potions of mutation
 D - 6 potions of haste
 H - 9 potions of ambrosia
 I - 6 potions of agility
 Q - 2 potions of invisibility
 Y - 3 potions of brilliance
Miscellaneous
 z - a lamp of fire
Comestibles
 r - 17 royal jellies
 t - 31 fruits
 E - 11 meat rations


   Skills:
 * Level 23.6 Fighting
 - Level 20.4 Long Blades
 - Level 19.0 Armour
 - Level 21.8 Dodging
 - Level 15.0 Shields
 - Level 9.0 Evocations


You had 24 spell levels left.
You didn't know any spells.

Dungeon Overview and Level Annotations

Branches:
Dungeon (15/15)            Temple (0/1) D:4            Lair (6/6) D:9
 Shoals (4/4) Lair:2       Spider (4/4) Lair:2        Slime (5/5) Lair:6
    Orc (2/2) D:11            Elf (3/3) Orc:2        Vaults (4/5) D:13
  Crypt (0/3) Vaults:3     Depths (5/5) D:15            Zot (5/5) Depths:5

Altars:
Cheibriados
Elyvilon
Gozag
Nemelex Xobeh
Trog
Uskayaw
Vehumet
Jiyva

Shops:
Orc:2 }=(*   Elf:1 %=   Shoals:4 =   Vaults:1 ([([   Vaults:3 *   Vaults:4 (:}
Depths:3 }==

Portals:
Hell: Depths:1 Depths:2 Depths:3 Depths:5
Abyss: Depths:1
Pandemonium: Depths:1 Depths:3
Trove: D:12 (give 18 scrolls of identify)

Annotations:
Lair:1 exclusion: oklob plant
Elf:2 5 runed doors


Innate Abilities, Weirdness & Mutations

You have a beak for a mouth.
You have claws for feet.
You can fly continuously.
You have a pair of small antennae on your head.
You are partially covered in icy blue scales. (AC +2)
Your mind is very acute. (Int +4)
Your magical capacity is low. (-10% MP)


Message History

The Orb Guardian closely misses you. The Orb Guardian hits you!!
* * * LOW HITPOINT WARNING * * *
You block the Orb Guardian's attack. The white draconian misses you.
You riposte.
You slash the white draconian! You freeze the white draconian.
You claw the white draconian. Your peck misses the white draconian.
The white draconian is heavily wounded.
The red draconian shifter points at you and mumbles some strange words.
You blink.
Found the Orb of Zot. 3 Orb Guardians come into view.
Unknown command.
You feel better.
You feel yourself speed up.
The deathcap draws from the surrounding life force!
* * * LOW HITPOINT WARNING * * *
The electric golem hurls lightning at you.
The bolt of lightning hits you! You resist.
* * * LOW HITPOINT WARNING * * *
The deathcap draws from the surrounding life force!
You die...

..##▓ ▓#▓▓▓▓▓▓▓# #▓
...... ..▓▓▓ .qd...
.....▓#
.^..............##
.................# ▓▓▓
.................▓ ....
.................▓ .....
.........q.8.§..X▓......
...........f§...@.X..XX0
.........^d.§..*.▓......
..........§§qf...▓ .....
......^Xqpp...▓ ....
......§*.X....▓ ▓▓▓
)......zX....▓▓
.§....q.d..▓▓▓
........▓▓▓▓ ▓▓▓▓▓▓▓▓▓


You could see 2 orbs of fire, 2 Killer Klowns, an electric golem, a red
draconian, a white draconian, a curse toe, 2 draconians, a green draconian
stormcaller, 7 Orb Guardians, a yellow draconian annihilator and 2 deathcaps.

Vanquished Creatures
  Dissolution (Slime:4)
  Mennas (Depths:5)
  3 ancient liches (Zot:5)
  Sojobo (Vaults:3)
  Margery (Vaults:4)
  A Killer Klown (Zot:5)
  Saint Roka (Depths:2)
  2 golden dragons
  Jory (Depths:3)
  Arachne (Spider:4)
  The ghost of zhorgal the Executioner, an adept MiBe of Trog (Elf:3)
  4 liches
  9 tentacled monstrosities
  Rupert (D:14)
  2 deep elf blademasters (Elf:3)
  A deep elf master archer (Elf:3)
  A quicksilver dragon (Depths:5)
  10 Orb Guardians (Zot:5)
  5 death cobs
  A kraken (Shoals:3)
  14 acid blobs
  A sphinx (Depths:5)
  3 tengu reavers
  5 azure jellies
  7 storm dragons
  5 draconian monks
  6 fire giants
  A revenant (Vaults:3)
  A shadow dragon (Zot:1)
  2 deep elf sorcerers
  6 frost giants
  5 ghost moths (Spider:4)
  8 vault wardens
  3 draconian scorchers
  Aizul (Spider:4)
  3 draconian knights
  4 draconian stormcallers
  A deep elf elementalist (Elf:3)
  An orc warlord (Orc:2)
  The ghost of Gorglomux the Warrior, a journeyman OgBe of Trog (Lair:6)
  4 emperor scorpions (Spider:4)
  16 ironheart preservers
  5 draconian shifters
  2 draconian annihilators
  11 stone giants
  27 very ugly things
  7 entropy weavers
  4 vampire knights
  8 deep elf demonologists (Elf:3)
  3 dire elephants
  7 yellow draconians
  8 black draconians
  8 green draconians
  5 white draconians
  10 purple draconians
  10 red draconians
  3 merfolk javelineers (Shoals:4)
  9 deep elf annihilators
  2 ettins
  Snorg (Lair:3)
  7 fire dragons
  10 merfolk impalers
  A minotaur (Lab)
  8 deep elf death magi (Elf:3)
  3 death oozes
  A jiangshi (Vaults:3)
  12 yaktaur captains
  7 ice dragons
  7 ogre magi
  5 great orbs of eyes
  Harold (Lair:2)
  3 deep elf high priests
  10 vault guards
  8 hydras
  Erica (Lair:1)
  An alligator snapping turtle (Shoals:4)
  4 spriggan air magi
  7 centaur warriors
  5 rakshasas
  2 death knights
  13 dancing weapons
  15 death yaks
  4 merfolk aquamancers
  13 tengu warriors
  3 deep troll shamans
  16 two-headed ogres
  Urug (Lair:5)
  8 deep troll earth magi
  5 orc high priests
  9 spriggan berserkers
  4 spriggans
  2 vampire magi
  9 deep elf knights
  A soul eater (Depths:5)
  8 hell knights
  An iron troll (Depths:3)
  12 skeletal warriors
  A storm dragon skeleton (Depths:1)
  8 sea snakes
  4 glowing orange brains
  4 unseen horrors
  18 deep trolls
  10 ironbrand convokers
  16 orc knights
  11 deep elf archers
  5 wizards
  7 necromancers
  2 phantasmal warriors (Vaults:3)
  A shadow dragon skeleton (Depths:3)
  24 wolf spiders
  18 orb spiders
  9 fauns
  6 orc sorcerers
  16 harpies
  3 shining eyes
  A mana viper (shapeshifter) (Depths:2)
  A salamander (shapeshifter) (Depths:3)
  4 oklob plants (Lair:6)
  40 ugly things
  14 manticores
  10 cyclopes
  56 deep elf magi
  3 merfolk sirens
  2 iron dragon skeletons
  13 moths of wrath
  8 vault sentinels
  A guardian serpent (shapeshifter) (Depths:2)
  7 torpor snails
  2 elephants (shapeshifter)
  18 spiny frogs
  4 black mambas
  4 water nymphs
  An elf zombie (Depths:3)
  The ghost of Goblin1989 the Archer, a novice CeHu (D:4)
  3 eyes of devastation (Slime:5)
  3 yaktaurs (shapeshifter)
  A rime drake (Lair:5)
  3 kobold demonologists
  35 yaktaurs
  6 freezing wraiths
  8 komodo dragons
  17 demonic crawlers
  3 small abominations (Elf:3)
  A golden dragon simulacrum (Depths:1)
  3 meliai (Lair:5)
  9 trolls
  5 tyrant leeches
  A shadow dragon simulacrum (Vaults:3)
  3 tengu conjurers (Depths:2)
  23 merfolk
  3 wind drakes (Shoals:4)
  Prince Ribbit (D:6)
  25 jumping spiders
  9 hornets
  2 polar bears (IceCv)
  A blink frog (shapeshifter) (D:14)
  A slime creature (shapeshifter) (Vaults:1)
  6 snapping turtles
  43 slime creatures
  11 blink frogs
  An iron dragon simulacrum (Depths:1)
  9 hippogriffs
  14 dream sheep
  24 tarantellas
  54 redbacks
  Sigmund (D:5)
  4 air elementals
  2 shadows
  2 spriggans (shapeshifter)
  19 water elementals
  80 yaks
  A wraith (Vaults:1)
  3 wyverns
  2 fire elementals
  10 basilisks
  3 vampires
  5 hungry ghosts
  Grum (D:8)
  2 steam dragons
  4 humans (D:8)
  8 wargs
  13 vampire mosquitoes
  Edmund (D:5)
  4 acid dragons
  17 water moccasins
  2 soldier ants
  2 hell hounds (D:9)
  6 porcupines
  33 orc warriors
  2 sky beasts
  24 ogres
  3 black bears
  An ice beast (D:10)
  13 wolves
  6 boggarts
  5 eyes of draining
  15 centaurs
  A phantom (D:11)
  15 crocodiles
  The ghost of MTVSty1e the Skirmisher, an amateur TeAE (D:3)
  A big kobold (D:11)
  31 bullfrogs
  4 gnoll sergeants
  4 earth elementals
  5 water moccasin zombies (Ossuary)
  A water moccasin skeleton (D:11)
  38 killer bees
  13 wights
  4 electric eels
  6 crimson imps
  10 howler monkeys
  2 quasits
  A bullfrog zombie (D:8)
  3 jellies
  2 centaur zombies
  4 centaur skeletons
  24 orc priests
  3 hounds
  2 bullfrog skeletons
  9 iguanas
  16 orc wizards
  18 worker ants
  2 big kobold zombies (Ossuary)
  A hound skeleton (D:10)
  2 mummies (Ossuary)
  11 gnolls
  15 adders
  2 shadow imps
  2 adder skeletons (D:8)
  5 adder zombies (Ossuary)
  A worm (D:3)
  A dart slug (D:1)
  A leopard gecko (D:3)
  96 orcs
  7 bats
  4 giant cockroaches
  3 goblins
  7 hobgoblins
  13 jackals
  11 kobolds
  A quokka (D:6)
  5 frilled lizards
  5 hobgoblin zombies (Ossuary)
  6 kobold zombies (Ossuary)
  9 orc zombies (Ossuary)
  5 rats
  2 plants
  4 tentacles (Shoals:3)
1917 creatures vanquished.

Vanquished Creatures (collateral kills)
  the Royal Jelly (Slime:5)
  The ghost of ghjk the Executioner, an adept MiFi of Okawaru (Depths:1)
  2 acid blobs (Slime:5)
  3 azure jellies (Slime:5)
  A draconian monk (Zot:4)
  A vault warden (Vaults:1)
  A green draconian (Zot:4)
  A white draconian (Zot:4)
  A red draconian (Zot:4)
  A death ooze (Slime:5)
  A deep elf death mage (Elf:3)
  A vault guard (D:13)
  A death yak (Lair:4)
  4 orb spiders
  7 wolf spiders
  3 demonic crawlers
  5 jumping spiders
  A queen bee (Lair:5)
  3 hornets (Spider:4)
  4 blink frogs (Lair:2)
  A tarantella (Spider:4)
  6 redbacks
  A water elemental (D:15)
  A soldier ant (D:13)
  A wyvern skeleton (D:13)
  An orc wizard (D:13)
  A worker ant (D:13)
55 creatures vanquished.

Vanquished Creatures (others)
  Asterion (Depths:3)
  A deep elf master archer (Elf:3)
  A large abomination (Depths:5)
  A merfolk javelineer (Depths:5)
  A yaktaur captain (Vaults:2)
  A centaur warrior (Vaults:2)
  An ogre mage (Vaults:4)
  A deep elf mage (Depths:5)
  8 yaktaurs
  A demonic crawler (Spider:4)
  A jumping spider (Spider:2)
  A hornet (Spider:4)
  A redback (Spider:1)
  2 air elementals (Depths:5)
  2 water elementals (Depths:5)
  An ogre (Depths:2)
  A killer bee (Lair:5)
  An orc wizard (D:3)
  An orc (Depths:2)
  A crawling corpse (Depths:5)
  18 fungi
  28 plants
  4 tentacles (Shoals:3)
79 creatures vanquished.

Grand Total: 2051 creatures vanquished

Notes
Turn   | Place    | Note
-------+----------+-------------------------------------------
     0 | D:1      | MDvedh the Tengu Berserker began the quest for the Orb.
     0 | D:1      | Reached XP level 1. HP: 14/14 MP: 2/2
   103 | D:1      | Reached XP level 2. HP: 1/19 MP: 3/3
  1281 | D:1      | Reached XP level 3. HP: 23/23 MP: 4/4
  1523 | D:2      | Reached skill level 5 in Long Blades
  1616 | D:2      | Reached XP level 4. HP: 24/28 MP: 5/5
  1617 | D:2      | Reached ** piety under Trog
  1696 | D:2      | Gained mutation: You can fly. [Tengu growth]
  1696 | D:2      | Reached XP level 5. HP: 17/32 MP: 6/6
  2338 | D:3      | Noticed a centaur
  2346 | D:3      | Reached XP level 6. HP: 29/37 MP: 7/7
  2677 | D:3      | Noticed MTVSty1e's ghost (amateur TeAE)
  2696 | D:3      | Killed MTVSty1e's ghost
  2700 | D:3      | Reached XP level 7. HP: 41/41 MP: 8/8
  3507 | D:4      | Found a staircase to the Ecumenical Temple.
  3985 | D:4      | Noticed Goblin1989's ghost (novice CeHu)
  3993 | D:4      | Killed Goblin1989's ghost
  3993 | D:4      | Reached *** piety under Trog
  3993 | D:4      | Reached skill level 10 in Long Blades
  3993 | D:4      | Reached XP level 8. HP: 46/46 MP: 9/9
  4455 | D:5      | Entered Level 5 of the Dungeon
  4970 | D:5      | Noticed Edmund
  4981 | D:5      | Killed Edmund
  5054 | D:5      | Noticed Sigmund
  5058 | D:5      | Killed Sigmund
  5684 | D:6      | Found a sand-covered staircase.
  5695 | Ossuary  | Entered an ossuary
  5741 | Ossuary  | Reached XP level 9. HP: 42/50 MP: 10/10
  5785 | Ossuary  | Reached **** piety under Trog
  6272 | Ossuary  | Identified a scroll of acquirement
  6736 | D:6      | Noticed Prince Ribbit
  7143 | D:6      | Killed Prince Ribbit
  8264 | D:8      | Reached XP level 10. HP: 56/56 MP: 3/11
  8312 | D:8      | Got a pair of polished gloves
  8323 | D:8      | Identified the +2 pair of gloves of Weightlessness {Str+3} (You found it on level 8 of the Dungeon)
  8345 | D:8      | Reached skill level 4 in Fighting
  8445 | D:8      | Noticed Grum
  8453 | D:8      | Killed Grum
  8461 | D:8      | Reached ***** piety under Trog
  8876 | D:8      | Reached skill level 5 in Fighting
  8980 | D:8      | Reached skill level 5 in Armour
  8980 | D:8      | Reached skill level 5 in Dodging
  9455 | D:9      | Found a staircase to the Lair.
  9708 | Lair:1   | Entered Level 1 of the Lair of Beasts
  9734 | Lair:1   | Reached skill level 6 in Fighting
  9744 | Lair:1   | Reached XP level 11. HP: 46/64 MP: 4/12
  9870 | Lair:1   | Noticed an oklob plant
 10432 | Lair:1   | Noticed Erica
 10455 | Lair:1   | Killed Erica
 10455 | Lair:1   | Reached skill level 7 in Fighting
 11103 | Lair:2   | Reached skill level 8 in Fighting
 11162 | Lair:2   | Found a hole to the Spider Nest.
 11297 | Lair:2   | Noticed Harold
 11309 | Lair:2   | Killed Harold
 11309 | Lair:2   | Reached XP level 12. HP: 51/75 MP: 13/13
 11735 | Lair:2   | Found a staircase to the Shoals.
 11989 | Lair:2   | Reached skill level 9 in Fighting
 12424 | Lair:3   | Noticed Snorg
 12437 | Lair:3   | Killed Snorg
 12566 | Lair:3   | Found a frozen archway.
 12597 | Lair:3   | Reached skill level 10 in Dodging
 12623 | Lair:3   | Reached skill level 10 in Armour
 12736 | IceCv    | Entered an ice cave
 13119 | Lair:3   | Noticed a four-headed hydra
 13125 | Lair:3   | Killed a one-headed hydra
 13543 | Lair:3   | Reached skill level 10 in Fighting
 13713 | Lair:3   | Noticed a death yak
 13714 | Lair:3   | Noticed a death yak
 13714 | Lair:3   | Noticed a death yak
 13715 | Lair:3   | Noticed a death yak
 13715 | Lair:3   | Noticed a death yak
 13716 | Lair:3   | Noticed a death yak
 13728 | Lair:3   | Killed a death yak
 13730 | Lair:3   | Killed a death yak
 13735 | Lair:3   | Killed a death yak
 13741 | Lair:3   | Killed a death yak
 13741 | Lair:3   | Reached ****** piety under Trog
 13741 | Lair:3   | Reached XP level 13. HP: 77/83 MP: 14/14
 13761 | Lair:3   | HP: 2/83 [death yak (22)]
 14600 | Lair:4   | Reached skill level 11 in Fighting
 14785 | Lair:4   | Found a snail-covered altar of Cheibriados.
 15162 | Lair:4   | Received a gift from Trog
 15572 | Lair:4   | Reached skill level 1 in Shields
 15757 | Lair:5   | Noticed Urug
 15774 | Lair:5   | Killed Urug
 16128 | Lair:5   | Gained mutation: You can fly continuously. [Tengu growth]
 16128 | Lair:5   | Reached XP level 14. HP: 90/90 MP: 15/15
 16516 | Lair:5   | Found a radiant altar of Vehumet.
 16638 | Lair:5   | Received a gift from Trog
 16684 | Lair:5   | Got a spiked chain mail
 16707 | Lair:4   | Identified the +5 chain mail of Awe {rF+ rC+ Int+4} (You found it on level 5 of the Lair of Beasts)
 17063 | Lair:5   | Reached skill level 5 in Shields
 17655 | Lair:6   | Entered Level 6 of the Lair of Beasts
 17905 | Lair:5   | Reached skill level 12 in Fighting
 18322 | Lair:6   | Reached skill level 15 in Long Blades
 18487 | Lair:6   | Noticed Gorglomux's ghost (journeyman OgBe)
 18506 | Lair:6   | Killed Gorglomux's ghost
 18518 | Lair:6   | Received a gift from Trog
 19810 | D:10     | Entered Level 10 of the Dungeon
 20132 | D:10     | Found a white marble altar of Elyvilon.
 20314 | D:11     | Reached XP level 15. HP: 96/96 MP: 16/16
 20565 | D:11     | Received a gift from Trog
 20616 | D:11     | Found a staircase to the Orcish Mines.
 20786 | Orc:1    | Entered Level 1 of the Orcish Mines
 20873 | Orc:2    | Entered Level 2 of the Orcish Mines
 20889 | Orc:2    | Found a staircase to the Elven Halls.
 20920 | Orc:2    | Noticed an orc warlord
 21197 | Orc:2    | Killed an orc warlord
 22033 | Orc:2    | Received a gift from Trog
 22105 | Orc:2    | Found Fowiseip's Jewellery Emporium.
 22105 | Orc:2    | Found Hirej's Gadget Boutique.
 22107 | Orc:2    | Found Zethedar's Assorted Antiques.
 22107 | Orc:2    | Found Ejityh's Antique Weapon Boutique.
 22121 | Orc:2    | Bought the ring "Aseko" {*Drain +Blink rPois AC+2 Int+5} for 364 gold pieces
 22121 | Orc:2    | Bought an uncursed amulet of regeneration for 330 gold pieces
 22125 | Orc:2    | Bought a potion of haste for 300 gold pieces
 22131 | Orc:2    | Bought a scroll of magic mapping for 105 gold pieces
 22131 | Orc:2    | Bought a scroll of magic mapping for 105 gold pieces
 22131 | Orc:2    | Bought a scroll of enchant weapon for 225 gold pieces
 22596 | D:11     | Gained mutation: You are partially covered in large bone plates. (SH +4) [mutagenic meat]
 23578 | D:12     | Found a hide-covered altar of Uskayaw.
 23634 | D:12     | Found a portal to a secret trove of treasure.
 23985 | D:13     | Found a gate to the Vaults.
 24354 | D:13     | Lost mutation: You are partially covered in large bone plates. (SH +4) [potion of mutation]
 24354 | D:13     | Gained mutation: Your natural rate of healing is unusually fast. [potion of mutation]
 24354 | D:13     | Gained mutation: Armour fits poorly on your strangely shaped body. [potion of mutation]
 24354 | D:13     | Gained mutation: You expend magic power (3 MP) to strengthen your wands. [potion of mutation]
 24354 | D:13     | Gained mutation: You are partially covered in icy blue scales. (AC +2) [potion of mutation]
 24355 | D:13     | Lost mutation: You expend magic power (3 MP) to strengthen your wands. [potion of mutation]
 24355 | D:13     | Lost mutation: Armour fits poorly on your strangely shaped body. [potion of mutation]
 24355 | D:13     | Lost mutation: Your natural rate of healing is unusually fast. [potion of mutation]
 24355 | D:13     | Gained mutation: You have a pair of small antennae on your head. [potion of mutation]
 24355 | D:13     | Gained mutation: You have an increased reservoir of magic. (+10% MP) [potion of mutation]
 24478 | D:13     | Received a gift from Trog
 24572 | D:13     | Found a sparkling altar of Nemelex Xobeh.
 24869 | D:14     | Noticed Rupert
 24871 | D:14     | Paralysed by Rupert for 2 turns
 24896 | D:14     | Killed Rupert
 25034 | D:14     | Reached skill level 10 in Shields
 25044 | D:14     | Reached XP level 16. HP: 99/103 MP: 18/18
 25250 | D:14     | Found an opulent altar of Gozag.
 25627 | D:15     | Entered Level 15 of the Dungeon
 25650 | D:14     | Reached skill level 13 in Fighting
 25690 | D:14     | Gained mutation: Your mind is acute. (Int +2) [mutagenic meat]
 25834 | D:15     | Found a labyrinth entrance.
 25838 | Lab      | Entered a labyrinth
 25921 | Lab      | Got a flickering jade ring
 25968 | D:15     | Identified the ring "Giprit" {*Contam rElec Str+2 Dex+4} (You took it off a minotaur in a labyrinth)
 26095 | D:15     | Received a gift from Trog
 26582 | D:15     | Gained mutation: You are robust. (+10% HP) [mutagenic meat]
 26741 | D:15     | Found a staircase to the Depths.
 27063 | Spider:1 | Entered Level 1 of the Spider Nest
 28232 | Spider:2 | Received a gift from Trog
 28606 | Spider:2 | Reached XP level 17. HP: 121/121 MP: 19/19
 29045 | Spider:3 | Received a gift from Trog
 29449 | Spider:4 | Entered Level 4 of the Spider Nest
 29545 | Spider:4 | Noticed Aizul
 29556 | Spider:4 | Killed Aizul
 29574 | Spider:4 | Noticed Arachne
 29593 | Spider:4 | Killed Arachne
 29897 | Spider:4 | Reached skill level 14 in Fighting
 30021 | Spider:4 | Received a gift from Trog
 30448 | Spider:4 | Reached skill level 15 in Dodging
 30573 | Spider:4 | Got a gossamer rune of Zot
 31103 | Shoals:1 | Entered Level 1 of the Shoals
 31122 | Shoals:1 | Reached skill level 15 in Armour
 31259 | Shoals:1 | Reached XP level 18. HP: 93/128 MP: 20/20
 31343 | Shoals:1 | Received a gift from Trog
 31698 | Shoals:3 | Identified the Tome of Stones and Dark Rites
 31802 | Shoals:4 | Entered Level 4 of the Shoals
 31802 | Shoals:4 | Found Nacexip's Jewellery Shoppe.
 31969 | Shoals:4 | Bought a cursed ring of teleportation for 85 gold pieces
 32624 | Shoals:4 | Received a gift from Trog
 32646 | Shoals:4 | Got a barnacled rune of Zot
 32873 | Shoals:2 | Reached skill level 15 in Fighting
 33091 | Vaults:1 | Entered Level 1 of the Vaults
 33095 | Vaults:1 | Received a gift from Trog
 33425 | Vaults:1 | Received a gift from Trog
 33635 | Vaults:1 | Reached XP level 19. HP: 136/136 MP: 21/21
 33672 | Vaults:1 | Found Gozag's Antique Weapon Shop.
 33672 | Vaults:1 | Found an opulent altar of Gozag.
 33673 | Vaults:1 | Found Gozag's Antique Armour Shop.
 33773 | Vaults:1 | Found Gozag's Antique Armour Boutique.
 33878 | Vaults:1 | Bought a shiny shield for 750 gold pieces
 34051 | Vaults:1 | Found Ytzuetea's Weapon Emporium.
 34599 | Vaults:2 | Reached skill level 15 in Shields
 34935 | Vaults:2 | Received a gift from Trog
 34973 | Vaults:2 | Reached skill level 1 in Evocations
 36204 | Vaults:3 | Noticed Sojobo
 36349 | Vaults:3 | Noticed a lich
 36352 | Vaults:3 | Killed a lich
 36424 | Vaults:3 | Reached XP level 20. HP: 144/144 MP: 26/26
 36463 | Vaults:3 | Found Eseok's General Store.
 36656 | Vaults:3 | Received a gift from Trog
 36669 | Vaults:3 | Killed Sojobo
 36778 | Vaults:3 | Reached skill level 16 in Fighting
 37048 | Vaults:3 | Found a staircase to the Crypt.
 37136 | Vaults:3 | Reached skill level 5 in Evocations
 37403 | Vaults:3 | Bought 2 scrolls of identify for 76 gold pieces
 37507 | Vaults:4 | Found Laizazuit's Antique Weapon Boutique.
 37673 | Vaults:4 | Found Nemodoiwk's Book Shop.
 37787 | Vaults:4 | Received a gift from Trog
 37892 | Vaults:4 | Noticed Margery
 37910 | Vaults:4 | Killed Margery
 38004 | Vaults:4 | Found Utott's Gadget Emporium.
 39212 | Elf:1    | Entered Level 1 of the Elven Halls
 39364 | Elf:1    | Reached XP level 21. HP: 141/150 MP: 29/29
 39736 | Elf:1    | Found Akicioh's Food Boutique.
 39882 | Elf:1    | Found Jethulun's Jewellery Shop.
 40433 | Elf:2    | Received a gift from Trog
 40717 | Elf:2    | Found a huge runed gate.
 40717 | Elf:2    | Found a huge runed gate.
 40717 | Elf:2    | Found a huge runed gate.
 40722 | Elf:2    | Found a huge runed gate.
 40722 | Elf:2    | Found a huge runed gate.
 40774 | Elf:3    | Entered Level 3 of the Elven Halls
 40808 | Elf:3    | Noticed zhorgal's ghost (adept MiBe)
 40831 | Elf:3    | Killed zhorgal's ghost
 40931 | Elf:3    | Found a flickering gateway to a bazaar.
 40939 | Bazaar   | Entered a bazaar
 40940 | Bazaar   | Found Ihoulul's Distillery.
 40940 | Bazaar   | Found Guwk's General Store.
 40941 | Bazaar   | Found Siuphyaz's General Store.
 40947 | Bazaar   | Bought a potion of curing for 36 gold pieces
 40947 | Bazaar   | Bought a scroll of enchant armour for 90 gold pieces
 40947 | Bazaar   | Bought a scroll of enchant armour for 90 gold pieces
 40958 | Bazaar   | Bought a potion of haste for 130 gold pieces
 40958 | Bazaar   | Bought a scroll of teleportation for 39 gold pieces
 40969 | Bazaar   | Bought a potion of mutation for 88 gold pieces
 40969 | Bazaar   | Bought 2 potions of curing for 66 gold pieces
 40969 | Bazaar   | Bought a potion of curing for 33 gold pieces
 40969 | Bazaar   | Bought a potion of heal wounds for 55 gold pieces
 40969 | Bazaar   | Bought a potion of curing for 33 gold pieces
 40969 | Bazaar   | Bought a potion of curing for 33 gold pieces
 40969 | Bazaar   | Bought a potion of invisibility for 88 gold pieces
 40969 | Bazaar   | Bought a potion of invisibility for 88 gold pieces
 40972 | Bazaar   | Found Ahiden's Antique Weapon Shop.
 41626 | Elf:3    | Reached skill level 17 in Fighting
 41810 | Elf:3    | Received a gift from Trog
 41846 | Elf:3    | Got a scorched glass ring
 41885 | Elf:3    | Got a smoking platinum ring
 42584 | Depths:1 | Entered Level 1 of the Depths
 42602 | Depths:1 | Reached XP level 22. HP: 158/158 MP: 32/32
 42606 | Depths:1 | Found a one-way gate to the infinite horrors of the Abyss.
 42690 | Depths:1 | Found a one-way gate leading to the halls of Pandemonium.
 42913 | Depths:1 | Found a bloodstained altar of Trog.
 42947 | Depths:1 | Received a gift from Trog
 43028 | Depths:1 | Noticed ghjk's ghost (adept MiFi)
 43116 | Depths:1 | Killed ghjk's ghost
 43383 | Depths:1 | Found a gateway to Hell.
 44134 | Depths:2 | Identified the ring of Knowledge {rF+ Int+7 Stlth+} (You took it off a deep elf death mage on level 3 of the Elven Halls)
 44136 | Depths:2 | Identified the ring of the Madman {*Tele rPois MR+} (You took it off a deep elf annihilator on level 3 of the Elven Halls)
 44257 | Depths:2 | Got a shimmering chain mail
 44268 | Depths:2 | Identified the cursed +1 chain mail of Atheism {rC+ rN+ Int+3 Dex-3} (You found it on level 2 of the Depths)
 44397 | Depths:2 | Noticed Saint Roka
 44417 | Depths:2 | Killed Saint Roka
 44547 | Depths:2 | Received a gift from Trog
 45157 | Depths:3 | Found Zumeyj's Gadget Boutique.
 45164 | Depths:3 | Found Ginikhie's Jewellery Shoppe.
 45164 | Depths:3 | Found Rakuxod's Jewellery Shoppe.
 45177 | Depths:3 | Bought the macabre finger necklace {rN+} for 840 gold pieces
 45181 | Depths:3 | Bought the ring "Mualixes" {rCorr Str+4} for 389 gold pieces
 45618 | Depths:3 | Reached XP level 23. HP: 156/167 MP: 33/33
 45686 | Depths:3 | Noticed Asterion
 45713 | Depths:3 | Killed Asterion
 45713 | Depths:3 | Reached skill level 18 in Fighting
 46609 | Depths:3 | Noticed Jory
 46622 | Depths:3 | Killed Jory
 46622 | Depths:3 | Received a gift from Trog
 46626 | Depths:3 | Got an ivory demon blade {god gift}
 46627 | Depths:3 | Identified the +1 demon blade of Midsummer {antimagic, rPois Str-4 Stlth+} (Trog gifted it to you on level 3 of the Depths)
 46854 | Depths:4 | Got a clouded gossamer ring
 47883 | Lair:6   | Found a staircase to the Slime Pits.
 48116 | Slime:1  | Entered Level 1 of the Pits of Slime
 48348 | Slime:4  | Noticed Dissolution
 48359 | Slime:4  | Killed Dissolution
 48359 | Slime:4  | Reached skill level 19 in Fighting
 48362 | Slime:4  | Received a gift from Trog
 48406 | Slime:5  | Entered Level 5 of the Pits of Slime
 48477 | Slime:5  | Noticed the Royal Jelly
 48799 | Slime:5  | Found a viscous altar of Jiyva.
 48867 | Slime:5  | Lost mutation: You have an increased reservoir of magic. (+10% MP) [a shining eye]
 48875 | Slime:5  | Killed the Royal Jelly
 48889 | Slime:5  | Got a vibrating amber ring
 48975 | Slime:5  | Gained mutation: Your magical capacity is low. (-10% MP) [a shining eye]
 48980 | Slime:5  | Gained mutation: Your mind is very acute. (Int +4) [a shining eye]
 49042 | Slime:5  | Got a slimy rune of Zot
 49068 | Slime:5  | Got a smelly scale mail
 49081 | Slime:5  | Identified the +2 scale mail of the Invisible Hand {rF+ MR++ Regen+ Dex-3} (You found it on level 5 of the Pits of Slime)
 49612 | Vaults:1 | Bought a pair of faintly glowing gloves for 950 gold pieces
 49622 | Vaults:1 | Identified the +0 pair of gloves of Henotheism {Dex+2 Slay+3} (You bought it in a shop on level 1 of the Vaults)
 49625 | Vaults:1 | Identified the ring "Ehimpiodd" {rElec rPois rF+ Str+8 Slay-5} (You found it on level 5 of the Pits of Slime)
 49627 | Vaults:1 | Identified the ring "Cori" {Wiz Int+2} (You found it on level 4 of the Depths)
 50059 | Depths:5 | Entered Level 5 of the Depths
 50072 | Depths:5 | Reached XP level 24. HP: 136/178 MP: 27/27
 50266 | Depths:5 | Noticed Mennas
 50281 | Depths:5 | Reached skill level 20 in Fighting
 50301 | Depths:5 | Killed Mennas
 50598 | Depths:5 | Got a twitching pewter ring
 50600 | Depths:5 | Identified the ring "Xifiox" {rF+ Dex+3} (You found it on level 5 of the Depths)
 50635 | Depths:5 | Found a gate to the Realm of Zot.
 50659 | Depths:5 | Received a gift from Trog
 50665 | Zot:1    | Entered Level 1 of the Realm of Zot
 51384 | Depths:5 | Reached skill level 21 in Fighting
 52691 | Depths:5 | Reached XP level 25. HP: 133/189 MP: 27/27
 53203 | Zot:2    | Reached skill level 22 in Fighting
 53578 | Zot:3    | Received a gift from Trog
 53792 | Zot:5    | Entered Level 5 of the Realm of Zot
 54729 | Zot:5    | Reached skill level 23 in Fighting
 54738 | Zot:5    | Lost mutation: You are robust. (+10% HP) [a Zot trap]
 54746 | Zot:5    | Noticed an ancient lich
 54752 | Zot:5    | Killed an ancient lich
 54817 | Zot:5    | Noticed an ancient lich
 54833 | Zot:5    | Noticed an ancient lich
 54843 | Zot:5    | Killed an ancient lich
 54848 | Zot:5    | Noticed a Killer Klown
 54862 | Zot:5    | Killed a Killer Klown
 54863 | Zot:5    | Noticed an orb of fire
 54866 | Zot:5    | Killed an ancient lich
 54873 | Zot:5    | Noticed a Killer Klown
 54873 | Zot:5    | Noticed an orb of fire
 54873 | Zot:5    | Noticed a Killer Klown
 54875 | Zot:5    | Noticed an orb of fire
 54876 | Zot:5    | HP: 4/178 [Orb Guardian (23)]
 54877 | Zot:5    | HP: 1/178 [electric golem/bolt of lightning (6)]
 54877 | Zot:5    | Killed from afar by a deathcap

Skill      XL: |  1  2  3  4  5  6  7  8  9 10 11 12 13 14 15 16 17 18 19 20 21 22 23 24 25 |
---------------+----------------------------------------------------------------------------+-----
Long Blades    | 4 5 6 7 8 10 12 14 15 16 17 18 19 20 | 20.4
Armour         | 6 8 10 12 13 14 15 16 17 18 19 | 19.0
Dodging        | 6 9 11 12 13 14 15 16 17 18 19 20 21 | 21.8
Fighting       | 6 8 10 11 12 13 14 15 16 17 19 21 23 | 23.6
Shields        | 3 7 10 11 13 14 15 | 15.0
Evocations     | 4 6 8 9 |  9.0

Action                   |  1- 3 |  4- 6 |  7- 9 | 10-12 | 13-15 | 16-18 | 19-21 | 22-24 | 25-27 || total
-------------------------+-------+-------+-------+-------+-------+-------+-------+-------+-------++-------
Melee: Falchion          |    84 |    74 |   333 |       |       |       |       |       |       ||   491
       Kick              |    18 |    32 |   182 |   245 |   669 |   713 |   789 |  1002 |   238 ||  3888
       Peck              |    10 |    14 |   113 |   181 |   407 |   462 |   549 |   664 |   168 ||  2568
       Demon blade       |       |       |   150 |   275 |       |       |       |       |       ||   425
       Scimitar          |       |       |       |   328 |  1459 |   365 |       |       |       ||  2152
       Double sword      |       |       |       |       |       |   962 |  1404 |  1468 |   368 ||  4202
Throw: Javelin           |       |       |     2 |       |     4 |    22 |       |       |       ||    28
Invok: Berserk           |     1 |     3 |    10 |     5 |    17 |     7 |     5 |     3 |     1 ||    52
       Trog's Hand       |       |     1 |       |     7 |    13 |    16 |    36 |    24 |    10 ||   107
       Brothers in Arms  |       |       |     1 |     1 |     4 |     4 |     4 |     4 |     2 ||    20
       Burn Spellbooks   |       |       |       |     2 |     2 |     7 |     7 |     2 |     2 ||    22
 Abil: Fly               |       |       |       |       |     2 |     2 |       |       |       ||     4
       Stop Flying       |       |       |       |       |     2 |     2 |       |       |       ||     4
Evoke: Lamp of fire      |       |       |       |       |       |     1 |       |       |       ||     1
       Wand              |       |       |       |       |       |       |     2 |       |       ||     2
  Use: Scroll            |       |       |    21 |     7 |    13 |    16 |     9 |    17 |     4 ||    87
       Potion            |       |       |       |       |     3 |     3 |     9 |    11 |     7 ||    33
 Stab: Sleeping          |     1 |       |       |       |       |       |       |       |       ||     1
       Distracted        |       |       |     1 |       |     1 |       |       |     6 |     1 ||     9
       Invisible         |       |       |       |       |       |     5 |       |       |       ||     5
  Eat: Meat ration       |     1 |       |     1 |       |       |       |       |     5 |     2 ||     9
       Chunk             |       |     4 |    13 |    14 |    25 |    20 |    11 |    10 |       ||    97
       Bread ration      |       |       |     3 |     3 |    10 |     4 |     9 |     2 |       ||    31
       Royal jelly       |       |       |       |       |       |       |       |     4 |     1 ||     5
Armor: Ring mail         |    34 |    20 |    15 |       |       |       |       |       |       ||    69
       Chain mail        |       |       |   134 |   216 |   446 |   427 |   307 |   260 |       ||  1790
       Gold dragon scale |       |       |       |       |       |       |       |   149 |   201 ||   350
Dodge: Dodged            |    36 |    17 |    63 |   148 |   652 |   947 |   678 |   881 |   198 ||  3620
Block: Shield            |    20 |    25 |   124 |   160 |   759 |   988 |   899 |   978 |   251 ||  4204
       Reflection        |       |       |       |       |       |       |   100 |    45 |     1 ||   146
       Rpst.: Falchion   |     9 |     3 |    13 |       |       |       |       |       |       ||    25
       Demon blade       |       |       |     6 |    23 |       |       |       |       |       ||    29
       Scimitar          |       |       |       |    21 |   178 |    41 |       |       |       ||   240
       Double sword      |       |       |       |       |       |   120 |   125 |   136 |    42 ||   423
